 Dungeon Crawl Stone Soup version 0.31-a0-844-gdc52ec4e09 (webtiles) character file.

Game seed: 18214199292775099564

13609 Joey1 the Severer (level 11, -3/148 HPs)
             Began as a Minotaur Berserker on Sept 30, 2023.
             Was a High Priest of Trog.
             Slain by a bog body (14 damage)
             ... on level 2 of the Lair of Beasts.
             The game lasted 00:22:04 (8619 turns).

Joey1 the Severer (Minotaur Berserker)              Turns: 8619, Time: 00:22:05

Health: -3/148     AC: 18    Str: 26    XL:     11   Next: 77%
Magic:  10/10      EV: 10    Int:  4    God:    Trog [*****.]
Gold:   495        SH: 11    Dex: 10    Spells: 10/10 levels left

rFire   + . .        G - +0 broad axe
rCold   . . .        W - +2 kite shield
rNeg    . . .        Y - +6 scale mail "Ralibe" {rElec rPois}
rPois   +            I - +2 hat
rElec   +            a - +0 cloak {rPois}
rCorr   .            l - +0 pair of gloves
SInv    .            R - +0 pair of boots
Will    +....        L - amulet of regeneration Stlth
                     T - ring of protection from fire
HPRegen 1.24/turn    H - ring of willpower
MPRegen 0.12/turn

%: no passive effects
@: berserking, very quick
A: horns 2, retaliatory headbutt
a: Renounce Religion, Berserk, Trog's Hand, Brothers in Arms


You were on level 2 of the Lair of Beasts.
You worshipped Trog.
Trog was extremely pleased with you.
You visited 3 branches of the dungeon, and saw 12 of its levels.
You also visited: Ossuary.

You collected 621 gold pieces.
You spent 126 gold pieces at shops.

Inventory:

Hand Weapons
 G - a +0 broad axe (weapon)
 S - a +2 war axe of electrocution
Missiles
 O - 3 javelins
Armour
 a - a +0 cloak of poison resistance (worn)
 k - a +0 ring mail of cold resistance
 l - a +0 pair of gloves (worn)
 I - a +2 hat (worn)
 R - a +0 pair of boots (worn)
 V - a +0 plate armour
 W - a +2 kite shield (worn)
 Y - the +6 scale mail "Ralibe" (worn) {rElec rPois}
   (You found it on level 1 of the Lair of Beasts)

   rElec:     It insulates you from electricity.
   rPois:     It protects you from poison
Jewellery
 c - a +4 ring of protection
 q - a ring of magical power
 s - an amulet of faith
 v - a ring of fire
 z - an amulet of the acrobat
 F - a +6 ring of dexterity
 H - a ring of willpower (right hand)
 L - an amulet of regeneration (around neck)
 T - a ring of protection from fire (left hand)
Wands
 E - a wand of acid (7)
 N - a wand of roots (25)
Scrolls
 e - 2 scrolls of enchant armour
 f - 2 scrolls of blinking
 g - 6 scrolls of immolation
 i - a scroll of amnesia {unknown}
 m - 7 scrolls of teleportation
 n - 3 scrolls of fog
 o - 4 scrolls of vulnerability
 w - 2 scrolls of enchant weapon {unknown}
 y - 2 scrolls of revelation {unknown}
 C - a scroll of poison {unknown}
 J - 3 scrolls of silence
 M - 3 scrolls of noise {unknown}
 Q - a scroll of summoning {unknown}
 U - a scroll of fear {unknown}
Potions
 b - 2 potions of resistance {unknown}
 d - 6 potions of lignification
 h - a potion of brilliance {unknown}
 j - 5 potions of might
 p - 3 potions of degeneration
 r - a potion of berserk rage {unknown}
 t - 5 potions of mutation
 u - 2 potions of magic
 x - 3 potions of heal wounds
 A - 2 potions of invisibility
 B - 5 potions of curing {unknown}
 D - 4 potions of enlightenment {unknown}
 K - 3 potions of ambrosia
 P - 3 potions of attraction
 X - a potion of haste {unknown}


   Skills:
 - Level 10.0 Fighting
 - Level 18.0 Axes
 - Level 3.0 Armour
 - Level 5.0 Dodging
 + Level 6.0 Shields
 - Level 5.0 Evocations


You had 10 spell levels left.
You didn't know any spells.
Your spell library was empty.

Dungeon Overview and Level Annotations

Branches:
Dungeon (9/15)             Temple (1/1) D:6            Lair (2/5) D:9
 Spider (0/4) Lair:2          Orc (0/2) D:9         Ossuary (visited)
  Swamp: Lair:2-3    Shoals: Lair:2-3

Altars:
Ashenzari
Cheibriados
Dithmenos
Elyvilon
Fedhas
Gozag
Hepliaklqana
Kikubaaqudgha
Makhleb
Nemelex Xobeh
Okawaru
Qazlal
Ru
Sif Muna
Trog
Uskayaw
Vehumet
Wu Jian
Xom
Yredelemnul
Zin
The Shining One

Shops:
D:4 :[=   D:9 *


Innate Abilities, Weirdness & Mutations

You have a pair of horns on your head.
You reflexively headbutt those who attack you in melee.


Message History

You slice the swamp worm!!
The swamp worm is almost dead.
The swamp worm bites you but does no damage.
You closely miss the swamp worm. Your headbutt misses the swamp worm.
The swamp worm is almost dead.
The swamp worm bites you!
You barely miss the swamp worm. You headbutt the swamp worm.
You kill the swamp worm!
Trog accepts your kill.
Your Shields skill increases to level 6!
No target in view!
You start putting on your armour.
You continue putting on your +2 kite shield. x4
You finish putting on your +2 kite shield.
You start resting.
A bog body comes into view.
Your movement speed is average.
Your attack delay is about 0.8 (and cannot be improved with additional weapon skill) (and is slowed by your shield).
Your damage rating with your +0 broad axe is about 28 (Base 13 x 140% (Str) x 158% (Skill)).
The bog body points at you and mumbles some strange words.
The bolt of cold hits you!!
You slash the bog body! Your headbutt misses the bog body.
The bog body is moderately damaged.
The bog body casts a spell at you. The bolt of cold hits you!
You closely miss the bog body. Your headbutt misses the bog body.
The bog body is moderately damaged.
You slash the bog body!
The bog body is heavily damaged.
The bog body touches you! The bog body freezes you!
* * * LOW HITPOINT WARNING * * *
You closely miss the bog body.
The bog body is heavily damaged.
The bog body touches you!
* * * LOW HITPOINT WARNING * * *
The bog body freezes you!
* * * LOW HITPOINT WARNING * * *
A red film seems to cover your vision as you go berserk!
You feel yourself moving faster!
You feel mighty! The bog body touches you!
You die...

......#
#..........
......
##P........
##......#. ###
###.......#
##.P##.#......##
#.............#
..............##
....⌠⌠n........#
...♣..♣@......##
. ♣..♣.......#
♣. ♣♣......# ≈.
♣......P# ♣≈
♣........
♣........
♣.....P##
♣....##


You could see a bog body.

Vanquished Creatures
  A two-headed ogre (D:8)
  Erica (D:8)
  Amaemon (D:7)
  3 elephants (Lair:1)
  A black mamba (Lair:2)
  Joseph (D:8)
  An orange demon (D:8)
  3 cane toads
  A torpor snail (Lair:1)
  Jeremiah (D:6)
  2 trolls
  2 polar bears
  A blink frog (Lair:2)
  A shadow (D:5)
  Sigmund (D:2)
  A wyvern (Lair:1)
  11 yaks
  2 redbacks (Lair:2)
  2 basilisks (Lair:1)
  A steam dragon (D:8)
  A swamp worm (Lair:2)
  4 water moccasins
  3 orc warriors
  2 ice beasts
  A sky beast (D:7)
  4 black bears
  2 ogres
  2 wolves (Lair:2)
  A centaur (D:7)
  A phantom (D:3)
  5 elf zombies (Ossuary)
  A kobold brigand (D:6)
  8 bullfrogs
  A scorpion (D:4)
  A gnoll sergeant (D:7)
  14 killer bees
  An electric eel (Lair:2)
  A howler monkey (D:8)
  6 centaur zombies (Ossuary)
  A human zombie (Ossuary)
  2 jellies
  7 hounds
  Crazy Yiuf (D:2)
  4 orc priests
  2 iguanas
  Jessica (D:2)
  2 sleepcaps
  5 orc wizards
  Terence (D:2)
  4 mummies
  Robin (D:3)
  3 gnolls (D:7)
  7 adders
  An ufetubus (D:7)
  2 worms (D:2)
  2 dart slugs
  19 orcs
  12 ball pythons
  2 bats (D:2)
  6 endoplasms
  3 giant cockroaches (D:2)
  16 goblins
  6 hobgoblins
  2 jackals (D:1)
  4 quokkas
  3 frilled lizards (D:2)
  12 kobolds
  11 rats
239 creatures vanquished.

Notes
Turn   | Place    | Note
-------+----------+-------------------------------------------
     0 | D:1      | Joey1 the Minotaur Berserker began the quest for the Orb.
     0 | D:1      | Reached XP level 1. HP: 19/19 MP: 0/0
   280 | D:1      | Reached skill level 4 in Axes
   280 | D:1      | Reached XP level 2. HP: 23/27 MP: 1/1
   690 | D:2      | Reached XP level 3. HP: 33/33 MP: 2/2
   800 | D:2      | Noticed Sigmund
   810 | D:2      | Killed Sigmund
   811 | D:2      | Reached skill level 5 in Axes
   811 | D:2      | Reached XP level 4. HP: 33/41 MP: 3/3
   811 | D:2      | Reached XP level 5. HP: 38/47 MP: 4/4
   952 | D:2      | Noticed Terence
   961 | D:2      | Killed Terence
  1315 | D:2      | Reached ** piety under Trog
  1320 | D:2      | Noticed Jessica
  1322 | D:2      | Killed Jessica
  1323 | D:2      | Reached skill level 5 in Fighting
  1323 | D:2      | Reached skill level 6 in Axes
  1466 | D:2      | Reached XP level 6. HP: 56/56 MP: 5/5
  1525 | D:2      | Found a runed translucent door.
  1526 | D:2      | Noticed Crazy Yiuf
  2149 | D:3      | Noticed Robin
  2155 | D:3      | Killed Robin
  2160 | D:3      | Reached *** piety under Trog
  2288 | D:3      | Reached skill level 7 in Axes
  2491 | D:4      | Found Ugetotha's Jewellery Boutique.
  2533 | D:4      | Found a sand-covered staircase.
  2541 | D:4      | Reached XP level 7. HP: 57/61 MP: 6/6
  2545 | Ossuary  | Entered an ossuary
  2575 | Ossuary  | Reached skill level 5 in Dodging
  2593 | Ossuary  | Reached skill level 8 in Axes
  2760 | Ossuary  | Reached skill level 9 in Axes
  2896 | Ossuary  | Reached XP level 8. HP: 65/68 MP: 7/7
  2909 | Ossuary  | Reached skill level 10 in Axes
  3119 | D:4      | You fall into a shaft and drop 2 floors!
  3144 | D:5      | Entered Level 5 of the Dungeon
  3186 | D:4      | Found Sipheej's Antique Armour Emporium.
  3195 | D:4      | Bought an embroidered hat for 126 gold pieces
  3440 | D:4      | Found Sueviosch's Book Boutique.
  3498 | D:4      | Found a snail-covered altar of Cheibriados.
  3501 | D:4      | Found a shimmering altar of Xom.
  3504 | D:4      | Found a sacrificial altar of Ru.
  3733 | D:5      | Reached skill level 11 in Axes
  3958 | D:5      | Reached **** piety under Trog
  4152 | D:5      | Noticed a troll
  4162 | D:5      | Killed a troll
  4163 | D:5      | Reached skill level 12 in Axes
  4440 | D:6      | Found a staircase to the Ecumenical Temple.
  4449 | D:6      | Reached skill level 13 in Axes
  4449 | D:6      | Reached XP level 9. HP: 73/74 MP: 8/8
  4655 | D:6      | Noticed Jeremiah
  4673 | D:6      | Killed Jeremiah
  4674 | D:6      | Reached skill level 14 in Axes
  4952 | Temple   | Entered the Ecumenical Temple
  4966 | D:7      | Found the sphere of Battle
  4972 | D:7      | Reached skill level 1 in Evocations
  5658 | D:8      | Noticed Amaemon
  5659 | D:8      | Noticed an orange demon
  5672 | D:7      | Killed Amaemon
  5673 | D:7      | Reached skill level 15 in Axes
  5673 | D:7      | Reached XP level 10. HP: 84/84 MP: 9/9
  5718 | D:8      | Noticed Joseph
  5720 | D:8      | Killed an orange demon
  5745 | D:8      | Killed Joseph
  5799 | D:8      | Reached ***** piety under Trog
  5815 | D:8      | Noticed a two-headed ogre
  5822 | D:8      | Killed a two-headed ogre
  5823 | D:8      | Reached skill level 16 in Axes
  5831 | D:8      | Noticed Erica
  5895 | D:8      | Killed Erica
  6442 | D:9      | Reached skill level 5 in Evocations
  6639 | D:9      | Reached XP level 11. HP: 95/95 MP: 10/10
  6743 | D:9      | Found Uscha's Serpentskin Sales.
  6864 | D:9      | Found a staircase to the Orcish Mines.
  6920 | D:9      | Found a staircase to the Lair.
  7193 | D:2      | Killed Crazy Yiuf
  7386 | Lair:1   | Entered Level 1 of the Lair of Beasts
  7489 | Lair:1   | Reached skill level 17 in Axes
  8033 | Lair:1   | Reached skill level 1 in Shields
  8109 | Lair:1   | Identified the +6 scale mail "Ralibe" {rElec rPois}
  8325 | Lair:2   | Reached skill level 10 in Fighting
  8325 | Lair:2   | Reached skill level 18 in Axes
  8447 | Lair:2   | Found a hole to the Spider Nest.
  8473 | Lair:2   | Reached skill level 5 in Shields
  8611 | Lair:2   | Noticed a bog body
  8619 | Lair:2   | Slain by a bog body

Illustrated notes

Levels and vault maps discovered:
D:1:      erik_arrival_triangle_small, layout_basic
D:2:      minmay_thinvault, layout_basic, minmay_misc_feat_diagonals,
          chequers_serial_rivers_large_a, uniq_crazy_yiuf_cottage, uniq_sigmund,
          uniq_jessica, uniq_terence
D:3:      layout_rooms, uniq_robin
D:4:      layout_loops_cross, grunt_temple_overflow_diamond,
          gup_ossuary_entry_pyramid, serial_shops, nicolae_shop_tiny_waterfront,
          shop, shop, chequers_serial_rivers_room_b
D:5:      kennysheep_big_flooded_room, layout_basic
D:6:      black_bear_nest_1, layout_cave_pools, minmay_temple_entry_steel_oval,
          uniq_jeremiah
D:7:      layout_basic
D:8:      layout_rooms, uniq_joseph, uniq_amaemon, uniq_erica
D:9:      layout_stronghold, dpeg_oklobed_lair, orc_0_dummy, guppyfry_shop_venom
Temple:   nicolae_temple_bog_church
Lair:1:   layout_cellular_growth, lemuel_fruit_tree
Lair:2:   beast_lair_carwin_large_2, layout_chaotic_city,
          nicolae_swamp_entry_splash_gauntlet, spider_nest_entry_webs,
          st_stairs_8, serial_bayou_pond_c, serial_bayou_pond_d,
          infiniplex_staircase_pool

Skill      XL: |  1  2  3  4  5  6  7  8  9 10 11 |
---------------+----------------------------------+-----
Axes           | 4 5 6 7 9 13 15 16 18 | 18.0
Fighting       | 4 5 6 8 10 | 10.0
Armour         | 3 |  3.0
Dodging        | 3 4 5 |  5.0
Evocations     | 3 5 |  5.0
Shields        | 6 |  6.0

Action                     |  1- 3 |  4- 6 |  7- 9 | 10-12 || total
---------------------------+-------+-------+-------+-------++-------
  Melee: Hand axe          |    54 |   148 |   330 |       ||   532
         Headbutt          |    12 |    26 |    76 |    54 ||   168
         Punch             |     1 |     2 |     2 |     7 ||    12
         War axe           |       |       |     7 |   102 ||   109
         Broad axe         |       |       |       |   161 ||   161
 Invoke: Berserk           |       |       |     3 |     1 ||     4
         Trog's Hand       |       |       |     1 |       ||     1
    Use: Scroll            |       |       |    12 |     4 ||    16
 Armour: Animal skin       |    12 |       |       |       ||    12
         Skin              |     6 |       |       |       ||     6
         Chain mail        |    13 |   100 |   212 |    95 ||   420
         Plate armour      |       |       |       |    83 ||    83
         Scale mail        |       |       |       |    53 ||    53
  Dodge: Dodged            |    24 |    42 |   120 |   113 ||   299

Table legend: (Time is in decaauts)
 A = Elapsed time spent in this place.
 B = Non-inter-level travel time spent in this place.
 C = Inter-level travel time spent in this place.
 D = Time resting spent in this place.
 E = Time spent auto-exploring this place.
 F = Levels seen in this place.
 G = Mean time per level.
                   A        B        C        D        E       F      G
               +--------+--------+--------+--------+--------+-----+--------+
         Total |   8507 |   7876 |    631 |    460 |   5855 |  13 |  654.4 |
       Dungeon |   6847 |   6251 |    596 |    171 |   4955 |   9 |  760.8 |
        Temple |      1 |      1 |      0 |      0 |      0 |   1 |    1.0 |
          Lair |   1193 |   1158 |     35 |     71 |    816 |   2 |  596.5 |
       Ossuary |    464 |    464 |      0 |    218 |     83 |   1 |  464.0 |
               +--------+--------+--------+--------+--------+-----+--------+

Top non-repeatable levels by time:
     D:2: 1446 daAuts
  Lair:1: 865 daAuts
     D:9: 860 daAuts
     D:7: 773 daAuts
     D:4: 767 daAuts
     D:5: 742 daAuts
     D:1: 674 daAuts
     D:6: 580 daAuts
     D:3: 547 daAuts
 Ossuary: 464 daAuts
     D:8: 454 daAuts
  Lair:2: 327 daAuts
  Temple: 1 daAuts
